 Dungeon Crawl Stone Soup version 0.24-a0-474-g47c397e050 (webtiles) character file.

Game seed: 6979070050005972516

664 Peloso the Shield-Bearer (level 7, 0/61 HPs)
             Began as a Minotaur Fighter on July 5, 2019.
             Slain by a bullfrog (1 damage)
             ... on level 5 of the Dungeon.
             The game lasted 00:05:45 (2775 turns).

Peloso the Shield-Bearer (Minotaur Fighter)         Turns: 2775, Time: 00:05:46

Health: 0/61       AC: 12    Str: 22    XL:     7   Next: 31%
Magic:  6/6        EV:  6    Int: 10    God:
Gold:   250        SH: 11    Dex: 10    Spells: 6/6 levels left

rFire    . . .     SeeInvis .   a - +0 long sword
rCold    . . .     Gourm    .   c - +0 shield
rNeg     . . .     Faith    .   j - +3 chain mail
rPois    .         Spirit   .   (helmet restricted)
rElec    .         Reflect  .   (no cloak)
rCorr    .         Harm     .   (no gloves)
MR       .....                  (no boots)
Stlth    ..........             (no amulet)
HPRegen  0.20/turn              (no ring)
MPRegen  0.10/turn              (no ring)

@: brilliant, lethally poisoned (0 -> -3), berserk cooldown, flying, slowed,
very slow
A: retaliatory headbutt, horns 2
a: no special abilities


You were on level 5 of the Dungeon.
You were hungry.

You visited 1 branch of the dungeon, and saw 5 of its levels.

You collected 250 gold pieces.

Inventory:

Hand Weapons
 a - a +0 long sword (weapon)
Missiles
 r - 14 bolts
Armour
 b - a +0 scale mail
 c - a +0 shield (worn)
 j - a +3 chain mail (worn)
Scrolls
 g - a scroll of enchant weapon {unknown}
 h - a scroll of teleportation
 i - 2 scrolls of remove curse {unknown}
 m - a scroll of random uselessness {unknown}
 n - 2 scrolls of immolation {unknown}
 o - a scroll of amnesia
 p - 2 scrolls of identify {unknown}
 t - a scroll of fog {unknown}
Potions
 d - a potion of might
 e - a potion of agility
Comestibles
 f - 11 rations


   Skills:
 + Level 5.1 Fighting
 + Level 5.7 Long Blades
 + Level 4.7 Armour
 + Level 0.5 Dodging
 + Level 7.3 Shields


You had 6 spell levels left.
You didn't know any spells.
Your spell library was empty.

Dungeon Overview and Level Annotations

Branches:
Dungeon (5/15)
 Temple: D:4-7

Altars:
Cheibriados
Kikubaaqudgha
Qazlal


Innate Abilities, Weirdness & Mutations

You reflexively headbutt those who attack you in melee.
You have a pair of horns on your head.


Message History

The bullfrog is moderately wounded.
You feel sick. The bullfrog hits you.
* * * LOW HITPOINT WARNING * * *
You block the bullfrog's attack. x2
You closely miss the bullfrog.
The bullfrog is lightly wounded.
* * * LOW HITPOINT WARNING * * *
You feel sick. You block the bullfrog's attack.
The bullfrog hits you but does no damage. x2
You closely miss the bullfrog. You headbutt the bullfrog.
The bullfrog is moderately wounded.
* * * LOW HITPOINT WARNING * * *
You feel sick.
The bullfrog hits you but does no damage.
The bullfrog hits you.
* * * LOW HITPOINT WARNING * * *
It was a potion of brilliance.
You feel clever all of a sudden. The bullfrog hits you.
You die...

....... ....... .
....... .. ...>... ...
####### .... #####
####### # .....
+...######.....###
.....y###......'.....#..
.....yF@..######.....#.†
......###.# #.....#..
..... #.# #.....+.. ....
#.# #.....#.. ... #.#
#.....'.# ## #.#
#..>..### #.# #.....# #
#.. #..<..# # #.....#


You could see a bullfrog and 2 killer bees.

Vanquished Creatures
  A bullfrog (D:2)
  4 killer bees (D:5)
  An orc priest (D:3)
  A bullfrog skeleton (D:5)
  2 hounds (D:4)
  An orc wizard (D:4)
  Terence (D:2)
  An iguana (D:5)
  2 worker ants (D:4)
  7 adders
  An ooze (D:3)
  An adder skeleton (D:4)
  3 worms
  6 leopard geckos
  7 orcs
  10 bats
  4 bat skeletons (D:2)
  2 bat zombies (D:2)
  4 giant cockroaches
  9 goblins
  12 hobgoblins
  7 kobolds
  2 quokkas
  6 frilled lizards
  7 rats
102 creatures vanquished.

Vanquished Creatures (others)
  A bat (D:3)
1 creature vanquished.

Grand Total: 103 creatures vanquished

Notes
Turn   | Place    | Note
-------+----------+-------------------------------------------
     0 | D:1      | Peloso the Minotaur Fighter began the quest for the Orb.
     0 | D:1      | Reached XP level 1. HP: 19/19 MP: 0/0
   119 | D:1      | Reached XP level 2. HP: 23/27 MP: 1/1
   406 | D:2      | Noticed Terence
   422 | D:2      | Killed Terence
   422 | D:2      | Reached skill level 4 in Shields
   422 | D:2      | Reached XP level 3. HP: 20/33 MP: 2/2
   744 | D:2      | Found an ancient bone altar of Kikubaaqudgha.
   827 | D:2      | Reached XP level 4. HP: 40/40 MP: 3/3
   938 | D:2      | Noticed a bullfrog
   940 | D:2      | Found a snail-covered altar of Cheibriados.
   949 | D:2      | Killed a bullfrog
   949 | D:2      | Reached XP level 5. HP: 25/47 MP: 4/4
  1163 | D:3      | Reached skill level 5 in Shields
  2049 | D:4      | Reached skill level 5 in Long Blades
  2049 | D:4      | Reached XP level 6. HP: 29/53 MP: 5/5
  2303 | D:4      | Found a stormy altar of Qazlal.
  2416 | D:4      | Reached skill level 6 in Shields
  2605 | D:5      | Entered Level 5 of the Dungeon
  2739 | D:5      | Reached XP level 7. HP: 17/60 MP: 6/6
  2742 | D:5      | Reached skill level 7 in Shields
  2765 | D:5      | Reached skill level 5 in Fighting
  2774 | D:5      | HP: 1/61 [bullfrog (3)]
  2775 | D:5      | Slain by a bullfrog

Levels and vault maps discovered:
D:1:      lemuel_arrival_broad_hall, layout_basic
D:2:      layout_rooms, lemuel_crystal_altar, kennysheep_vampire_church,
          hangedman_feature_mirror, uniq_terence
D:3:      layout_loops_ring, first_ration, hangedman_abyss_or_decor_stabs
D:4:      layout_rooms, grunt_qazlal_clouds
D:5:      layout_basic, kennysheep_mini

Skill      XL: |  1  2  3  4  5  6  7 |
---------------+----------------------+-----
Fighting       | 4 5 |  5.1
Long Blades    | 3 4 5 |  5.7
Armour         | 4 |  4.7
Shields        | 4 5 6 7 |  7.3
Dodging        | |  0.5

Action                   |  1- 3 |  4- 6 |  7- 9 || total
-------------------------+-------+-------+-------++-------
Melee: Long sword        |    94 |   197 |    31 ||   322
       Headbutt          |     8 |    37 |     2 ||    47
  Use: Scroll            |     3 |       |       ||     3
       Potion            |       |     1 |     5 ||     6
  Eat: Chunk             |       |     6 |       ||     6
Armor: Scale mail        |    30 |       |       ||    30
       Chain mail        |    28 |   142 |    18 ||   188
Dodge: Dodged            |    28 |    56 |     9 ||    93
Block: Shield            |    66 |   138 |    28 ||   232
       Rpst.: Long sword |     6 |    14 |     2 ||    22

Table legend:
 A = Non-vault XP
 B = Vault XP
 C = Vault XP percentage of total XP
 D = Non-vault monster count
 E = Vault monster count
 F = Vault count percentage of total count
                 A         B        C        D         E       F
            +---------+---------+-------+---------+---------+-------
      Total |     897 |      52 |   5.5 |      93 |       9 |   8.8
            +---------+---------+-------+---------+---------+-------
        D:1 |      23 |       0 |   0.0 |      13 |       0 |   0.0
        D:2 |     171 |      52 |  23.3 |      28 |       9 |  24.3
        D:3 |     120 |       0 |   0.0 |      32 |       0 |   0.0
        D:4 |     239 |       0 |   0.0 |      11 |       0 |   0.0
        D:5 |     344 |       0 |   0.0 |       9 |       0 |   0.0
            +---------+---------+-------+---------+---------+-------
